 Dungeon Crawl Stone Soup version bcrawl-1.37.2 (webtiles) character file.

Game seed: 9695064019710684501

399670 VineThatTabs the Transmogrifier (level 12, -1/120 (123) HPs)
             Began as a Djinni Transmuter on Dec 15, 2022.
             Was a High Priest of Sif Muna.
             Slain by a spectral wolf spider (3 damage)
             ... in a Gauntlet.
             The game lasted 00:29:54 (12687 turns).

VineThatTabs the Transmogrifier (DjTm)             Turns: 12687, Time: 00:29:55

HP:   -1/120 (123)  AC: 11    Str: 20    XL:     12   Next: 29%
MP:   0/31          EV: 13    Int: 23    God:    Sif Muna [*****.]
Gold: 772           SH:  0    Dex: 11    Spells: 20/32 levels left

rFire    x . .     GDR:     37%   - Ice fists (freeze) (33.0)
rCold    + + +     SeeInvis .   (shield currently unavailable)
rNeg     . . .     Gourm    .   (armour currently unavailable)
rPois    +         Faith    .   (helmet currently unavailable)
rElec    .         Spirit   +   m - scarf {Spirit}
rCorr    .         Reflect  .   (gloves currently unavailable)
MR       ++++.     Rnd*Rage +   (boots unavailable) Stlth +++.......NoTele +
                                (no amulet)
HPRegen  0.30/turn              s - ring of stealth
MPRegen  0.22/turn              q - ring of protection from magic

@: mighty, ice-form, flying, slowed, lightly drained, very slow
A: large, never pass out, berserk 2, blink, blurry vision 2, clever 1,
deterioration 1, high mp 2, strong 1, wild magic 3, disrupted magic 1,
MP-powered wands
a: End Transformation, Blink, Divine Energy, Channel Magic, Forget Spell, Moment
of Magic, Renounce Religion


You were in a Gauntlet.
You worshipped Sif Muna.
Sif Muna was extremely pleased with you.
You were not hungry.
You were a creature of crystalline ice.
You visited 3 branches of the dungeon, and saw 12 of its levels.
You also visited: Gauntlet.

You collected 772 gold pieces.

Inventory:

Hand Weapons
 F - the +10 hunting sling "Nemym" {freeze, rC+++ Str-5 Int-3 Dex+8}
   (You took it off an orc warrior on level 7 of the Dungeon)

   It causes projectiles fired from it to freeze those they strike, increasing
   damage dealt by approximately one third against foes not resistant or
   susceptible to cold, and potentially slowing cold-blooded foes.
   It affects your strength (-5).
   It affects your intelligence (-3).
   It affects your dexterity (+8).
   It renders you almost immune to cold.
Missiles
 a - 820 arrows
 A - 2 throwing nets {=f}
Armour
 b - a +0 robe (melded)
 m - a scarf of spirit shield (worn)
 t - a +2 helmet of see invisible
 E - a +1 hat (melded)
Jewellery
 p - an uncursed ring of insulation
 q - a ring of protection from magic (right front paw)
 s - a ring of stealth (left front paw)
 B - an uncursed ring of protection from cold
Wands
 u - a wand of acid (5)
 z - a wand of polymorph (11)
 H - a wand of charming (9)
Scrolls
 c - 4 scrolls of remove curse
 g - 2 scrolls of amnesia
 h - 5 scrolls of teleportation
 i - 2 scrolls of identify
 k - 7 scrolls of magic mapping
 l - a scroll of immolation {unknown}
 v - a scroll of brand weapon {unknown}
 w - 2 scrolls of fear {unknown}
 x - 3 scrolls of enchant weapon {unknown}
 y - a scroll of vulnerability {unknown}
 D - a scroll of enchant armour {unknown}
Potions
 d - 4 potions of lignification
 n - a potion of haste
 o - a potion of resistance
 r - 2 potions of curing
 C - 2 potions of might
 G - 2 potions of invisibility
 I - a potion of cancellation {unknown}
Comestibles
 e - 21 rations {!d}


   Skills:
 + Level 8.7(8.3) Fighting
 + Level 8.2(7.8) Dodging
 * Level 11.2(10.8) Unarmed Combat
 + Level 10.6(10.2) Spellcasting
 * Level 11.9(11.5) Transmutations


You had 20 spell levels left.
You knew the following spells:

 Your Spells              Type           Power        Failure   Level  Hunger
a - Beastly Appendage     Tmut           ######       3%          1    None
b - Spider Form           Tmut/Pois      ###          13%         3    None
c - Sticks to Snakes      Tmut           #######.     3%          2    None
d - Ice Form              Ice/Tmut       ######..     26%         4    None
e - Passwall              Tmut/Erth      ######..     10%         2    None

Your spell library contained the following spells:

 Spells                   Type           Power        Failure   Level  Hunger
 Blade Hands              Tmut           #######...   12%         5    ####...
 Flame Tongue             Conj/Fire      ###..        26%         1    None
 Slow                     Hex            ###.....     26%         1    None
 Static Discharge         Air            ###...       26%         1    None
 Sting                    Conj/Pois      ###.         26%         1    None
 Ensorcelled Hibernation  Hex/Ice        ###...       34%         2    None
 Shackle                  Hex            ###.....     34%         2    None
 Confuse                  Hex            ###.....     50%         3    None
 Dazzling Orbs            Conj/Hex       ###....      50%         3    None
 Ozocubu's Armour         Chrm/Ice       ###.....     50%         3    None
 Tukima's Dance           Hex            ###.....     50%         3    None
 Cause Fear               Hex            ###.......   82%         4    None
 Fulminant Prism          Conj/Hex       ###.......   82%         4    None
 Lightning Bolt           Conj/Air       ###.....     82%         4    None
 Summon Lightning Spire   Summ/Air       ###.....     97%         5    ####...
 Bolt of Fire             Conj/Fire      ###.......   100%        6    #####..
 Conjure Ball Lightning   Conj/Air       ###.......   100%        6    #####..
 Death Channel            Chrm/Necr      ###.......   100%        6    #####..
 Virulence                Hex/Pois       ###.....     100%        6    #####..
 Chain Lightning          Conj/Air       ###.......   100%        8    #######
 Tornado                  Tloc/Air       ###.......   100%        8    #######


Dungeon Overview and Level Annotations

Branches:
Dungeon (8/12)             Temple (1/1) D:6            Lair (3/6) D:8
 Spider (0/3) Lair:2
  Swamp: Lair:2-4    Shoals: Lair:2-4     Snake: Lair:2-4       Orc: D:8-11

Altars:
Cheibriados
Dithmenos
Elyvilon
Fedhas
Gozag
Hepliaklqana
Kikubaaqudgha
Lugonu
Makhleb
Nemelex Xobeh
Okawaru
Qazlal
Ru
Sif Muna
Trog
Uskayaw
Vehumet
Wu Jian
Xom
Yredelemnul
Zin
The Shining One

Shops:
D:4 *   D:7 *

Annotations:
D:6 1 runed door
Lair:1 exclusion: oklob plant Gauntlet 13 transporters


Innate Abilities, Weirdness & Mutations

You never pass out after going berserk.
You often lose your temper in combat.
You can translocate small distances at will.
Scrolls take you longer to read.
((Your flesh is heat resistant. (rF+)))
You have a considerably increased reservoir of magic. (+20% MP)
Your spells are much harder to cast, but much more powerful.
Your casting is slightly disrupted.
You expend magic power (3 MP) to strengthen your wands.
((Your body floats in the air.))
Your mind is acute. (Int +2)
((Your flesh is cold resistant. (rC+)))
Your body sometimes deteriorates upon taking damage.
Your muscles are strong. (Str +2)


Message History

The spectral wolf spider hits you but does no damage.
The spectral wolf spider completely misses you.
The death drake bites you.
* * * LOW HITPOINT WARNING * * *
You feel your flesh rotting away!
Okay, then.
It was a potion of might.
You feel very mighty all of a sudden.
You are engulfed in dark miasma.
You feel your flesh rotting away!
* * * LOW HITPOINT WARNING * * *
The spectral wolf spider barely misses you.
The spectral wolf spider closely misses you.
The death drake bites you!
* * * LOW HITPOINT WARNING * * *
You feel your flesh rotting away!
The spectral wolf spider hits you but does no damage.
The spectral wolf spider closely misses you.
The death drake barely misses you. The spectral wolf spider hits you.
You die...

#####..............#.#...
#8.....#############.####
#......#©...........©....
#..######################
#..#.........#.#p5..5....
#..#.##...##.#.#..##.##..
#..#.#.###.#.#.#.##..5##.
#..#..##.##..#.#.#.....#.
#..#...kYZZZ.#.#....©....
#..#..##.##..#.#.#..5..#.
#..#.#.###.#.#.#.##5..##.
#..#.##...##.#.#5.##5##..
#..#..}"©?...#.#pp5.©?(..
#..###########.##########
#........................
#8.......................
#########################


You could see a death drake and 3 spectral wolf spiders.

Vanquished Creatures
  Urug (Lair:1)
  2 hydras
  An ogre mage (D:8)
  Pikel (D:6)
  A spectral wolf spider (Gauntlet)
  A black mamba (Lair:1)
  4 elephants (Lair:3)
  A torpor snail (Lair:2)
  4 cane toads (Lair:1)
  A rime drake (Lair:2)
  6 komodo dragons
  A queen bee (D:8)
  Prince Ribbit (D:5)
  8 blink frogs
  2 dream sheep (Lair:2)
  4 hippogriffs
  A spriggan (Lair:1)
  A golden eye (shapeshifter) (D:7)
  6 small abominations (Gauntlet)
  4 yaks
  A golden eye (Gauntlet)
  3 basilisks
  2 hungry ghosts
  2 large abominations (Gauntlet)
  3 wargs (D:8)
  5 crocodiles
  2 porcupines
  4 water moccasins
  A floating eye (Gauntlet)
  2 orc warriors
  2 black bears
  A slave (D:6)
  2 ogres
  6 wolves (Lair:2)
  5 bullfrogs
  A kobold brigand (D:7)
  A centaur (D:7)
  A scorpion (D:5)
  12 killer bees (D:8)
  9 wights
  A howler monkey (D:7)
  4 orc priests
  3 hounds
  A bullfrog skeleton (D:4)
  4 orc wizards
  2 hound skeletons (D:6)
  3 gnolls (D:7)
  6 adders
  3 shadow imps (D:7)
  2 oozes (D:2)
  An adder skeleton (D:8)
  5 worms
  3 dart slugs
  4 leopard geckos
  18 orcs
  2 giant cockroaches (D:1)
  7 goblins
  9 hobgoblins
  9 jackals
  12 kobolds
  4 quokkas
  3 ball pythons
  7 bats
  4 frilled lizards
  5 rats
238 creatures vanquished.

Vanquished Creatures (others)
  An orc priest (D:6)
  An orc wizard (D:6)
  A worker ant (D:6)
  A worker ant zombie (D:6)
  A shadow imp (D:6)
  3 orcs (D:6)
  A jackal zombie (D:6)
  A fungus (Lair:3)
10 creatures vanquished.

Grand Total: 248 creatures vanquished

Notes
Turn   | Place    | Note
-------+----------+-------------------------------------------
     0 | D:1      | VineThatTabs the Djinni Transmuter began the quest for the
                  | Orb.
     0 | D:1      | Reached XP level 1. HP: 16/16 MP: 4/4
   113 | D:1      | Reached XP level 2. HP: 23/23 MP: 4/6
   353 | D:1      | Found a snail-covered altar of Cheibriados.
   784 | D:2      | Reached XP level 3. HP: 28/28 MP: 5/7
  1008 | D:2      | Learned a level 3 spell: Spider Form
  1011 | D:2      | Learned a level 2 spell: Sticks to Snakes
  1678 | D:3      | Noticed an ogre
  1764 | D:3      | Gained mutation: Your spells are harder to cast, but more
                  | powerful. [Djinni growth]
  1764 | D:3      | Gained mutation: You can translocate small distances at
                  | will. [Djinni growth]
  1764 | D:3      | Reached XP level 4. HP: 36/36 MP: 5/9
  2358 | D:3      | Killed an ogre
  2359 | D:3      | Reached XP level 5. HP: 21/41 MP: 5/11
  3123 | D:4      | Found Honnev's General Store.
  3624 | D:4      | Noticed an ice beast
  3873 | D:5      | Entered Level 5 of the Dungeon
  3894 | D:5      | Found a white marble altar of Elyvilon.
  3941 | D:5      | Reached XP level 6. HP: 23/50 MP: 12/12
  4119 | D:5      | Noticed a hungry ghost
  4140 | D:5      | Killed a hungry ghost
  4595 | D:5      | Noticed Prince Ribbit
  4615 | D:5      | Killed Prince Ribbit
  4616 | D:5      | Reached skill level 5 in Unarmed Combat
  4616 | D:5      | Reached skill level 5 in Spellcasting
  4616 | D:5      | Reached skill level 5 in Transmutations
  4616 | D:5      | Reached XP level 7. HP: 28/57 MP: 14/14
  4731 | D:5      | Found a hide-covered altar of Uskayaw.
  4885 | D:6      | Found a staircase to the Ecumenical Temple.
  4923 | Temple   | Entered the Ecumenical Temple
  5187 | Temple   | Became a worshipper of Sif Muna the Loreminder
  5224 | D:6      | Noticed Pikel
  5237 | D:6      | Killed Pikel
  5238 | D:6      | Gained mutation: Your spells are much harder to cast, but
                  | much more powerful. [Djinni growth]
  5238 | D:6      | Reached XP level 8. HP: 42/66 MP: 14/16
  5348 | D:6      | Learned a level 4 spell: Ice Form
  5450 | D:6      | Reached * piety under Sif Muna
  5461 | D:6      | Identified Xul Otsy's Tome of the Birds and the Oath (Sif
                  | Muna gifted it to you on level 6 of the Dungeon)
  5461 | D:6      | Received a gift from Sif Muna
  5784 | D:6      | Found a runed door.
  6333 | D:7      | Reached XP level 9. HP: 72/72 MP: 18/18
  6435 | D:7      | Reached skill level 5 in Dodging
  6442 | D:7      | Reached ** piety under Sif Muna
  6476 | D:7      | Found a bloodstained altar of Trog.
  6537 | D:7      | Reached skill level 5 in Fighting
  6957 | D:7      | Identified the +10 hunting sling "Nemym" {freeze, rC+++
                  | Str-5 Int-3 Dex+8}
  7008 | D:7      | Found Himif's Assorted Antiques.
  7355 | D:7      | Noticed a red ugly thing
  7517 | D:7      | Learned a level 2 spell: Passwall
  7517 | D:7      | Gained mutation: Scrolls take you much longer to read.
                  | [potion of mutation]
  7517 | D:7      | Gained mutation: You are dopey. (Int -2) [potion of
                  | mutation]
  7517 | D:7      | Gained mutation: Your body sometimes deteriorates upon
                  | taking damage. [potion of mutation]
  7517 | D:7      | Gained mutation: Your flesh is cold resistant. (rC+)
                  | [potion of mutation]
  7518 | D:7      | Lost mutation: Scrolls take you much longer to read.
                  | [potion of mutation]
  7518 | D:7      | Lost mutation: You are dopey. (Int -2) [potion of mutation]
  7518 | D:7      | Gained mutation: Your muscles are strong. (Str +2) [potion
                  | of mutation]
  7518 | D:7      | Gained mutation: Your mind is acute. (Int +2) [potion of
                  | mutation]
  7712 | D:8      | Noticed an ogre mage
  7809 | D:8      | Found a staircase to the Lair.
  7980 | D:8      | Killed an ogre mage
  7981 | D:8      | Reached *** piety under Sif Muna
  7981 | D:8      | Reached XP level 10. HP: 37/83 MP: 8/21
  8196 | D:8      | Found a stormy altar of Qazlal.
  8197 | D:8      | Found a white marble altar of Elyvilon.
  8197 | D:8      | Found an opulent altar of Gozag.
  8199 | D:8      | Found a glowing silver altar of Zin.
  8199 | D:8      | Found a corrupted altar of Lugonu.
  8201 | D:8      | Found an ornate altar of the Wu Jian Council.
  8201 | D:8      | Found a sparkling altar of Nemelex Xobeh.
  9193 | Lair:1   | Entered Level 1 of the Lair of Beasts
  9199 | Lair:1   | Noticed a four-headed hydra
  9256 | Lair:1   | Noticed a black mamba
  9272 | Lair:1   | Killed a black mamba
  9285 | Lair:1   | Killed a four-headed hydra
  9391 | Lair:1   | Noticed an oklob plant
  9408 | Lair:1   | Noticed a cane toad
  9419 | Lair:1   | Killed a cane toad
  9421 | Lair:1   | Noticed Urug
  9430 | Lair:1   | Reached **** piety under Sif Muna
  9531 | Lair:1   | Reached skill level 10 in Transmutations
  9575 | Lair:1   | Noticed a cane toad
  9582 | Lair:1   | Killed a cane toad
  9615 | Lair:1   | Noticed a cane toad
  9627 | Lair:1   | Killed a cane toad
  9628 | Lair:1   | Reached XP level 11. HP: 83/92 MP: 17/24
  9924 | Lair:1   | Identified Sif Muna's Papyrus of Arcane Weapons and
                  | Augmentations (Sif Muna gifted it to you on level 1 of the
                  | Lair of Beasts)
  9924 | Lair:1   | Received a gift from Sif Muna
 10238 | Lair:1   | Killed Urug
 10501 | Lair:2   | Reached skill level 10 in Unarmed Combat
 10553 | Lair:2   | Found a hole to the Spider Nest.
 10722 | Lair:2   | Noticed a five-headed hydra
 10764 | Lair:2   | Killed a five-headed hydra
 11311 | Lair:2   | Reached skill level 10 in Spellcasting
 11427 | Lair:2   | Reached ***** piety under Sif Muna
 11784 | Lair:3   | Gained mutation: Your casting is slightly disrupted.
                  | [Djinni growth]
 11784 | Lair:3   | Gained mutation: Your flesh is heat resistant. (rF+)
                  | [Djinni growth]
 11784 | Lair:3   | Gained mutation: You have an increased reservoir of magic.
                  | (+10% MP) [Djinni growth]
 11784 | Lair:3   | Gained mutation: You have a considerably increased
                  | reservoir of magic. (+20% MP) [Djinni growth]
 11784 | Lair:3   | Reached XP level 12. HP: 103/103 MP: 25/31
 11902 | Lair:3   | Found a gate leading to a gauntlet.
 11911 | Gauntlet | Entered a Gauntlet
 11911 | Gauntlet | Found a transporter.
 11929 | Gauntlet | Found a transporter.
 11944 | Gauntlet | Found a transporter.
 11950 | Gauntlet | Found a transporter.
 11966 | Gauntlet | Noticed a ghost crab
 11971 | Gauntlet | Found a transporter.
 11984 | Gauntlet | Found a transporter.
 11984 | Gauntlet | Noticed a dire elephant
 11986 | Gauntlet | Found the macabre finger necklace {rN+}
 11996 | Gauntlet | Found a transporter.
 12008 | Gauntlet | Found a transporter.
 12020 | Gauntlet | Found a transporter.
 12036 | Gauntlet | Found a transporter.
 12056 | Gauntlet | Found a transporter.
 12071 | Gauntlet | Found a transporter.
 12073 | Gauntlet | Found a transporter.
 12099 | Gauntlet | Found a transporter.
 12101 | Gauntlet | Found a transporter.
 12103 | Gauntlet | Found a transporter.
 12125 | Gauntlet | Found a transporter.
 12127 | Gauntlet | Found a transporter.
 12687 | Gauntlet | HP: 2/121 [death drake (5)]
 12687 | Gauntlet | Slain by a spectral wolf spider

Skill      XL: |  1  2  3  4  5  6  7  8  9 10 11 12 |
---------------+-------------------------------------+-----
Transmutations | 3 4 5 6 7 8 10 11 | 11.9
Fighting       | 2 3 4 6 7 8 |  8.7
Unarmed Combat | 4 5 6 8 9 10 11 | 11.2
Spellcasting   | 4 5 6 7 9 10 | 10.6
Dodging        | 3 4 5 6 7 8 |  8.2

Action                   |  1- 3 |  4- 6 |  7- 9 | 10-12 || total
-------------------------+-------+-------+-------+-------++-------
Melee: Unarmed           |   149 |   183 |   208 |   352 ||   892
       Headbutt          |    12 |     3 |       |       ||    15
       Punch             |     1 |     1 |       |     2 ||     4
 Cast: Beastly Appendage |    19 |     8 |     1 |       ||    28
       Spider Form       |     1 |     4 |       |     2 ||     7
       Sticks to Snakes  |       |     1 |       |     5 ||     6
       Ice Form          |       |       |     2 |     4 ||     6
 Abil: End Transformatio |       |       |     1 |     1 ||     2
  Use: Scroll            |     1 |       |    10 |     3 ||    14
       Potion            |       |       |     2 |     6 ||     8
 Stab: Sleeping          |     1 |     2 |     4 |     5 ||    12
       Distracted        |       |       |     1 |     1 ||     2
  Eat: Chunk             |     6 |    17 |    17 |    14 ||    54
       Ration            |       |       |       |     3 ||     3
Armor: Robe              |    19 |    12 |       |       ||    31
       Skin              |     1 |     6 |    74 |   120 ||   201
Dodge: Dodged            |    84 |   104 |   118 |   182 ||   488
